 Dungeon Crawl Stone Soup version 0.23.2-1-ga50397a (webtiles) character file.

Game seed: 6005823817037228606

3600 Kairos the Cruncher (level 10, -11/77 HPs)
             Began as a Formicid Fighter on Apr 20, 2019.
             Was a Believer of Dithmenos.
             Mangled by a two-headed ogre
             ... wielding a +2 dire flail of protection
              (21 damage)
             ... on level 8 of the Dungeon.
             The game lasted 00:11:33 (6650 turns).

Kairos the Cruncher (Formicid Fighter)              Turns: 6650, Time: 00:11:33

Health: -11/77     AC: 16    Str: 23    XL:     10   Next: 32%
Magic:  10/10      EV:  7    Int: 13    God:    Dithmenos [**....]
Gold:   368        SH: 11    Dex: 10    Spells: 9/9 levels left

rFire    . . .     SeeInvis +   a - +0 quarterstaff
rCold    . . .     Gourm    .   c - +0 shield
rNeg     . . .     Faith    .   p - +0 plate armour
rPois    +         Spirit   .   (helmet unavailable)
rElec    .         Reflect  .   (no cloak)
rCorr    .         Harm     .   (no gloves)
MR       +....                  l - +0 pair of boots
Stlth    ..........             (no amulet)
HPRegen  0.22/turn              r - +2 ring of intelligence
MPRegen  0.12/turn              (no ring)

@: wreathed by umbra
A: permanent stasis, dig shafts and tunnels, four strong arms, antennae 3, slimy
green scales 1, clever 1, poison resistance
a: Dig, Shaft Self, Shadow Step, Renounce Religion


You were on level 8 of the Dungeon.
You worshipped Dithmenos.
Dithmenos was pleased with you.
You were very hungry.

You visited 1 branch of the dungeon, and saw 9 of its levels.
You also visited: Sewer.

You collected 368 gold pieces.

Inventory:

Hand Weapons
 a - a +0 quarterstaff (weapon)
 s - a +1 dire flail of holy wrath
Armour
 c - a +0 shield (worn)
 l - a +0 pair of boots (worn)
 p - a +0 plate armour (worn)
Jewellery
 r - a +2 ring of intelligence (left hand)
Wands
 q - a wand of disintegration (5)
Scrolls
 b - a scroll of immolation {unknown}
 g - 3 scrolls of remove curse
 h - 2 scrolls of amnesia
 i - a scroll of magic mapping
 j - 2 scrolls of enchant weapon {unknown}
 k - a scroll of random uselessness {unknown}
 n - 2 scrolls of fog {unknown}
 u - a scroll of fear {unknown}
Potions
 d - 2 potions of might
 e - 2 potions of flight
 m - 3 potions of cancellation
 o - 4 potions of heal wounds
 t - a potion of brilliance
 v - a potion of curing
 w - a potion of mutation
Comestibles
 f - 13 rations


   Skills:
 + Level 6.4 Fighting
 + Level 9.7 Staves
 + Level 6.6 Armour
 + Level 2.4 Dodging
 + Level 1.0 Stealth
 + Level 9.0 Shields


You had 9 spell levels left.
You didn't know any spells.
Your spell library was empty.

Dungeon Overview and Level Annotations

Branches:
Dungeon (9/15)
 Temple: D:4-7         Lair: D:8-11         Orc: D:9-12

Altars:
Dithmenos
Elyvilon
Fedhas
Hepliaklqana
Kikubaaqudgha
Makhleb
Nemelex Xobeh
Okawaru
Sif Muna
Uskayaw
Vehumet
Yredelemnul
The Shining One

Shops:
D:5 [%


Innate Abilities, Weirdness & Mutations

You cannot be hasted, slowed, berserked, paralysed or teleported.
You can dig through walls and to a lower floor.
Your four strong arms can wield two-handed weapons with a shield.
You have a pair of large antennae on your head. (SInv)
You are partially covered in slimy green scales. (AC +2)
Your mind is acute. (Int +2)
Your system is resistant to poisons. (rPois)


Message History

Aim: a two-headed ogre, wielding a +2 dire flail of protection and a +0 giant spiked club (heavily wounded, umbra, chance to defeat MR: 48%)
The two-headed ogre is blasted!
The howler monkey hoots and howls with incredible vigour!
Evoke which item? (* to show all) (? for menu, Esc to quit)
Aiming: Disintegrate
Press: ? - help, Shift-Dir - straight line, f/p - two-headed ogre
Aim: a two-headed ogre, wielding a +2 dire flail of protection and a +0 giant spiked club (severely wounded, umbra, chance to defeat MR: 48%)
The two-headed ogre is blasted!
The phantom blinks!
The two-headed ogre hits you with a +2 dire flail of protection!
* * * LOW HITPOINT WARNING * * *
The two-headed ogre barely misses you.
Evoke which item? (* to show all) (? for menu, Esc to quit)
Aiming: Disintegrate
Press: ? - help, Shift-Dir - straight line, f/p - two-headed ogre
Aim: a two-headed ogre, wielding a +2 dire flail of protection and a +0 giant spiked club (severely wounded, umbra, chance to defeat MR: 48%)
The two-headed ogre resists with some effort.
The howler monkey hoots and howls with incredible vigour!
The two-headed ogre hits you but does no damage.
The two-headed ogre hits you with a +0 giant spiked club!!
You die...

#.### #.##. #.#.#
#..## #.#.# ####
#>##. . ... #....
....##ยง#######
####.
.W....SO@.5..#######
##
..?..#h#####.......#
... #h #.####..### .
.Z #.##..[...#
########.##.#....#
#............#.##
#......##.#.###.###
#......##..## ##...
#.........## ##..


You could see a two-headed ogre, a phantom, a howler monkey, a crimson imp and
an adder.

Vanquished Creatures
  Pikel (D:6)
  Sigmund (D:2)
  A spriggan (D:8)
  Eustachio (D:5)
  A wyvern (D:8)
  Menkaure (D:5)
  Edmund (D:6)
  4 slaves (D:6)
  An orc warrior (D:3)
  A sky beast (D:8)
  An ice beast (D:8)
  2 ogres (D:6)
  A phantom (D:4)
  A centaur (D:5)
  2 bullfrogs (D:6)
  Blork the orc (D:4)
  A big kobold (Sewer)
  3 scorpions
  A howler monkey (D:4)
  4 jellies (D:6)
  3 hounds
  2 quasits (D:6)
  5 orc priests
  3 bullfrog skeletons
  Jessica (D:2)
  4 iguanas
  5 orc wizards
  5 worker ants
  2 hound skeletons
  A worker ant zombie (D:5)
  6 gnolls
  13 adders
  A howler monkey skeleton (D:5)
  A river rat (Sewer)
  3 shadow imps
  3 oozes
  An adder skeleton (D:8)
  2 adder zombies
  4 worms
  4 dart slugs
  5 leopard geckos
  23 orcs
  A ball python (D:2)
  7 bats
  2 giant cockroaches (D:5)
  8 goblins
  10 hobgoblins
  6 jackals
  A quokka (D:2)
  5 frilled lizards
  A jackal skeleton (D:5)
  11 kobolds
  A leopard gecko skeleton (D:5)
  A quokka skeleton (D:6)
  7 rats
188 creatures vanquished.

Notes
Turn   | Place    | Note
-------+----------+-------------------------------------------
     0 | D:1      | Kairos the Formicid Fighter began the quest for the Orb.
     0 | D:1      | Reached XP level 1. HP: 18/18 MP: 1/1
    55 | D:1      | Reached XP level 2. HP: 23/24 MP: 2/2
   187 | D:1      | You fall through a shaft!
   222 | D:2      | Reached XP level 3. HP: 30/30 MP: 3/3
   242 | D:2      | Noticed Sigmund
   589 | D:1      | Reached XP level 4. HP: 37/37 MP: 4/4
   767 | D:2      | Found a hazy altar of Hepliaklqana.
   850 | D:2      | Found a sparkling altar of Nemelex Xobeh.
   898 | D:2      | Found an ancient bone altar of Kikubaaqudgha.
  1031 | D:2      | Noticed Jessica
  1039 | D:2      | Killed Jessica
  1100 | D:2      | Reached XP level 5. HP: 26/42 MP: 5/5
  1129 | D:2      | Killed Sigmund
  1129 | D:2      | Reached skill level 1 in Dodging
  1129 | D:2      | Reached XP level 6. HP: 24/48 MP: 6/6
  1667 | D:3      | HP: 1/48 [orc priest/nerve-wracking pain (14)]
  1668 | D:3      | Reached skill level 5 in Shields
  1986 | D:3      | Found a glowing golden altar of the Shining One.
  2153 | D:3      | Reached XP level 7. HP: 53/54 MP: 7/7
  2256 | D:3      | Found a basalt altar of Yredelemnul.
  2401 | D:3      | Gained mutation: Your spells are a little easier to cast,
                  | but a little less powerful. [potion of mutation]
  2401 | D:3      | Gained mutation: You are partially covered in slimy green
                  | scales. (AC +2) [potion of mutation]
  2464 | D:4      | Reached skill level 5 in Staves
  2515 | D:4      | Noticed Blork the orc
  3062 | D:4      | Killed Blork the orc
  3109 | D:4      | Reached XP level 8. HP: 54/61 MP: 8/8
  3156 | D:4      | Found a radiant altar of Vehumet.
  3174 | D:4      | Reached skill level 5 in Armour
  3233 | D:4      | Found a glowing golden altar of the Shining One.
  3442 | D:4      | Found a blossoming altar of Fedhas.
  3460 | D:4      | Found a white marble altar of Elyvilon.
  3568 | D:4      | Found a shadowy altar of Dithmenos.
  3636 | D:4      | Found a deep blue altar of Sif Muna.
  3636 | D:4      | Found a burning altar of Makhleb.
  3705 | D:4      | Became a worshipper of Dithmenos the Shadowed
  3735 | D:5      | Entered Level 5 of the Dungeon
  3760 | D:5      | Noticed Eustachio
  3863 | D:5      | Killed Eustachio
  3966 | D:5      | Found Xunygg's Antique Armour Shop.
  4022 | D:5      | Found a glowing drain.
  4074 | Sewer    | Entered a sewer
  4081 | Sewer    | Reached * piety under Dithmenos
  4155 | Sewer    | Reached skill level 5 in Fighting
  4173 | Sewer    | Found a glowing silver altar of Zin.
  4331 | D:5      | Reached XP level 9. HP: 58/68 MP: 9/9
  4479 | D:5      | Found an iron altar of Okawaru.
  4518 | D:5      | Noticed Menkaure
  4531 | D:5      | Killed Menkaure
  4540 | D:5      | Found Roptufy's Food Emporium.
  5506 | D:6      | Noticed Pikel
  5517 | D:6      | Killed Pikel
  5517 | D:6      | Reached skill level 1 in Stealth
  5609 | D:6      | Noticed Edmund
  5622 | D:6      | Killed Edmund
  5622 | D:6      | Reached ** piety under Dithmenos
  5941 | D:6      | Reached XP level 10. HP: 60/76 MP: 10/10
  5986 | D:6      | Lost mutation: You are partially covered in slimy green
                  | scales. (AC +2) [potion of mutation]
  5986 | D:6      | Lost mutation: Your spells are a little easier to cast, but
                  | a little less powerful. [potion of mutation]
  5986 | D:6      | Gained mutation: Your spells are a little harder to cast,
                  | but a little more powerful. [potion of mutation]
  5986 | D:6      | Gained mutation: You have an increased reservoir of magic.
                  | (+10% MP) [potion of mutation]
  6129 | D:7      | You fall through a shaft for 2 floors!
  6129 | D:9      | Found a hide-covered altar of Uskayaw.
  6554 | D:8      | Lost mutation: You have an increased reservoir of magic.
                  | (+10% MP) [potion of mutation]
  6554 | D:8      | Lost mutation: Your spells are a little harder to cast, but
                  | a little more powerful. [potion of mutation]
  6554 | D:8      | Gained mutation: Your system is resistant to poisons.
                  | (rPois) [potion of mutation]
  6554 | D:8      | Gained mutation: Your mind is acute. (Int +2) [potion of
                  | mutation]
  6554 | D:8      | Gained mutation: You are partially covered in slimy green
                  | scales. (AC +2) [potion of mutation]
  6630 | D:8      | Noticed a two-headed ogre
  6650 | D:8      | Mangled by a two-headed ogre

Skill      XL: |  1  2  3  4  5  6  7  8  9 10 |
---------------+-------------------------------+-----
Shields        | 4 5 6 8 9 |  9.0
Armour         | 4 5 6 |  6.6
Staves         | 3 4 5 7 9 |  9.7
Fighting       | 4 5 6 |  6.4
Dodging        | 1 2 |  2.4
Stealth        | 1 |  1.0

Action                   |  1- 3 |  4- 6 |  7- 9 | 10-12 || total
-------------------------+-------+-------+-------+-------++-------
Melee: Quarterstaff      |    91 |   112 |   527 |   157 ||   887
 Abil: Dig               |       |       |     4 |       ||     4
Evoke: Wand              |       |       |       |     3 ||     3
  Use: Scroll            |     1 |     6 |     5 |     1 ||    13
       Potion            |       |     4 |     2 |     2 ||     8
  Eat: Ration            |       |     1 |     1 |       ||     2
       Chunk             |       |       |    12 |       ||    12
Armor: Scale mail        |    36 |    51 |     5 |       ||    92
       Plate armour      |       |       |   276 |    55 ||   331
Dodge: Dodged            |    37 |    36 |   141 |    36 ||   250
Block: Shield            |    58 |    67 |   275 |    84 ||   484
